 Dungeon Crawl Stone Soup version 0.31-a0-83-gbff143cfd1 (webtiles) character file.

Game seed: 16059107749557787813

9 Esekla the Sneak (level 2, 21/21 HPs)
             Began as an Octopode Delver on May 24, 2023.
             Quit the game on level 5 of the Dungeon.
             The game lasted 00:01:05 (192 turns).

Esekla the Sneak (Octopode Delver)                   Turns: 192, Time: 00:01:06

Health: 21/21      AC:  1    Str: 11    XL:     2   Next: 12%
Magic:  2/2        EV: 13    Int: 12    God:
Gold:   12         SH:  0    Dex: 13    Spells: 1/1 levels left

rFire   . . .        a - +0 falchion
rCold   . . .        (no shield)
rNeg    . . .        (helmet restricted)
rPois   .            (no amulet)
rElec   .            (no ring)
rCorr   .            (no ring)
SInv    .            (no ring)
Will    .....        (no ring)
Stlth   ++++         (no ring)
HPRegen 0.23/turn    (no ring)
MPRegen 0.08/turn    (no ring)
                     (no ring)

%: no passive effects
@: no status effects
A: almost no armour, amphibious, 8 rings, camouflage 1, gelatinous body 1,
(nimble swimmer 1), tentacles
a: no special abilities


You were on level 5 of the Dungeon.
You visited 1 branch of the dungeon, and saw 1 of its levels.

You collected 12 gold pieces.

Inventory:

Hand Weapons
 a - a +0 falchion (weapon)
Wands
 f - a wand of digging (2)
Scrolls
 b - a scroll of fog
 d - a scroll of fear
 g - a scroll of identify {unknown}
 h - 2 scrolls of amnesia {unknown}
Potions
 e - a potion of haste


   Skills:
 * Level 3.1 Fighting
 * Level 2.1 Long Blades
 * Level 2.1 Dodging
 + Level 6.8 Stealth
 * Level 0.2 Spellcasting


You had one spell level left.
You didn't know any spells.
Your spell library was empty.

Dungeon Overview and Level Annotations

Branches:
Dungeon (5/15)
 Temple: D:4-7

Altars:

Shops:
D:5 (


Innate Abilities, Weirdness & Mutations

You cannot wear most types of armour.
You are amphibious.
You can wear up to eight rings at the same time.
Your skin changes colour to match your surroundings (Stealth+).
Your rubbery body absorbs attacks. (AC +1, EV +1)
((You are camouflaged when in or above water. (Stealth+)))
You have tentacles for arms and can constrict up to eight enemies at once.


Message History

You are poisoned.
The adder poisons you!
You closely miss the adder. Your grab misses the adder.
The adder is heavily wounded.
You feel sick. The adder misses you.
You closely miss the adder. Your grab misses the adder.
The adder is heavily wounded.
You feel sick. The adder misses you. x2
You miss the adder. You grab the adder.
The adder is heavily wounded.
You constrict the adder.
You feel sick. The adder closely misses you.
You completely miss the adder. Your squeeze misses the adder.
The adder is severely wounded.
You constrict the adder.
You feel sick. The adder barely misses you.
The adder bites you but does no damage.
You hit the adder.
You kill the adder!
You feel sick.
You have reached level 2!
You start resting.
You feel sick.
You are no longer poisoned.
You start resting.
HP restored.
You see here an adder corpse.
You see here an adder corpse.
Found a stone staircase leading down.
A quokka comes into view.
Found an escape hatch in the floor.
An adder and a jelly come into view.
As you read the scroll of magic mapping, it crumbles to dust.
You feel aware of your surroundings.
You sensed 1 shop/portal.
There is a stone staircase leading up here.
There is an escape hatch in the ceiling here.
Aiming: Dig
Press: ? - help, Shift-Dir - straight line The rock shatters into small pieces.
Found Esiureq's Weapon Boutique.
There is an entrance to Esiureq's Weapon Boutique here.
You can access your shopping list by pressing '$'.
Are you sure you want to abandon this character and quit the game? (Confirm with "yes".)

*,,,*****>,* #........>.
**,*** *,,* #######....
*,,* **,,###* #.... *,,*
##,,*#..* #.... *,,*
**.,***#.## ##... *
**,** **,#.* #..###
####.... *****,,*
*,,#.#####...###..<....
,,**,,**
**,*#............<...##.
,,,,<,*
*,,*#.#@#.#########..###
,,,,,,* *,,**,###.# #..#
,,,,,,** **,,*,,,..#
#..#
,,,,,,,****,,*,*####
##.# ,,,,,,,,,*,,,*,*
#.# ,,,,,,,,,***,,,*
*.#* ,,,,,,,,** *****
**..* ,,,,,,,,* **,,,*
,,,,,,,,* **,,***


There were no monsters in sight!

Vanquished Creatures
  An adder (D:5)
1 creature vanquished.

Notes
Turn   | Place    | Note
-------+----------+-------------------------------------------
     0 | D:5      | Esekla the Octopode Delver began the quest for the Orb.
     0 | D:5      | Reached XP level 1. HP: 16/16 MP: 1/1
    42 | D:5      | Reached XP level 2. HP: 8/21 MP: 2/2
   186 | D:5      | Found Esiureq's Weapon Boutique.
   192 | D:5      | Quit the game

Illustrated notes

Levels and vault maps discovered:
D:5:      layout_layer_cave, serial_shops, nicolae_shop_back_alley_shop,
          uniq_grinder

Action                     || total
---------------------------++-------
  Melee: Falchion          ||     7
         Constrict         ||     1
         Punch             ||     1
  Evoke: Wand              ||     1
    Use: Scroll            ||     1
 Armour: Skin              ||     1
  Dodge: Dodged            ||     6

Table legend: (Time is in decaauts)
 A = Elapsed time spent in this place.
 B = Non-inter-level travel time spent in this place.
 C = Inter-level travel time spent in this place.
 D = Time resting spent in this place.
 E = Time spent auto-exploring this place.
 F = Levels seen in this place.
 G = Mean time per level.
                   A        B        C        D        E       F      G
               +--------+--------+--------+--------+--------+-----+--------+
         Total |    193 |    193 |      0 |     58 |     41 |   1 |  193.0 |
       Dungeon |    193 |    193 |      0 |     58 |     41 |   1 |  193.0 |
               +--------+--------+--------+--------+--------+-----+--------+

Top non-repeatable levels by time:
     D:5: 193 daAuts
